 Dungeon Crawl Stone Soup version 0.29.1-1-gd02db6906a (webtiles) character file.

Game seed: 13011041968681652950

69521 xian the Force of Nature (level 14, -8/118 HPs)
             Began as a Purple Draconian Gladiator on Oct 17, 2022.
             Was the Champion of Fedhas.
             Killed by divine providence
             ... invoked by Saint Roka
              (12 damage)
             ... on level 2 of the Orcish Mines.
             The game lasted 01:50:53 (18842 turns).

xian the Force of Nature (DrGl)                    Turns: 18842, Time: 01:50:53

Health: -8/118     AC: 20    Str: 24    XL:     14   Next: 90%
Magic:  23/23      EV: 19    Int: 12    God:    Fedhas [******]
Gold:   1134       SH: 16    Dex: 12    Spells: 13/13 levels left

rFire   + . .      SeeInvis +   t - +2 hammer "Hucroret" {flame, rF+ rCorr SInv}
rCold   . . .      Faith    .   Q - +5 kite shield of Subjectivity {Str+3}
rNeg    . . .      Spirit   .   (body armour unavailable)
rPois   .          Reflect  .   b - +2 hat
rElec   .          Harm     .   k - +2 cloak
rCorr   +          Rampage  .   a - +2 pair of gloves
Will    ++...                   (no boots)
Stlth   ++........              f - amulet of regeneration
HPRegen 1.09/turn               q - +4 ring of protection
MPRegen 0.18/turn               p - +4 ring of evasion

@: short of breath, invisible
A: breathe power, AC +8, unfitting armour, cold-blooded, horns 1, clever 1
a: Breathe Dispelling Energy, Renounce Religion, Wall of Briars, Grow
Ballistomycete, Overgrow, Grow Oklob


You were on level 2 of the Orcish Mines.
You worshipped Fedhas.
Fedhas was exalted by your worship.
You visited 4 branches of the dungeon, and saw 20 of its levels.
You also visited: Bailey.

You collected 1838 gold pieces.
You spent 704 gold pieces at shops.

Inventory:

Hand Weapons
 t - the +2 hammer "Hucroret" (weapon) {flame, rF+ rCorr SInv}
   (You found it on level 3 of the Dungeon)

   It burns those it strikes, dealing additional fire damage.
   rF:        It protects you from fire.
   SInv:      It lets you see invisible.
   rCorr:     It protects you from acid and corrosion.
Missiles
 c - 8 throwing nets
 d - 6 javelins
 r - 94 poisoned darts
 u - 33 boomerangs (quivered)
 w - a silver boomerang
 B - 4 atropa-tipped darts
 J - 9 curare-tipped darts
 L - 4 datura-tipped darts
 T - 3 boomerangs of dispersal
Armour
 a - a +2 pair of gloves (worn)
 b - a +2 hat (worn)
 k - a +2 cloak (worn)
 G - a +0 hat of see invisible
 Q - the +5 kite shield of Subjectivity (worn) {Str+3}
   (You acquired it on level 4 of the Dungeon)

   Str:       It affects your strength (+3).
Jewellery
 f - an amulet of regeneration (around neck)
 o - a ring of flight
 p - a +4 ring of evasion (right hand)
 q - a +4 ring of protection (left hand)
 W - an amulet of reflection
Wands
 I - a wand of light (7)
 N - a wand of flame (34)
 P - a wand of charming (24)
 U - a wand of iceblast (12)
Scrolls
 e - 3 scrolls of magic mapping
 g - 4 scrolls of poison
 h - 2 scrolls of brand weapon
 i - 5 scrolls of teleportation
 j - 3 scrolls of butterflies
 m - 5 scrolls of fear
 y - a scroll of blinking
 A - 4 scrolls of silence
 D - 3 scrolls of enchant weapon
 F - a scroll of immolation
 M - 2 scrolls of identify
 V - 3 scrolls of enchant armour
Potions
 n - 4 potions of brilliance
 v - a potion of invisibility
 x - 6 potions of mutation
 z - a potion of haste
 C - 8 potions of lignification
 E - 2 potions of ambrosia
 H - a potion of magic
 O - a potion of resistance
 R - 4 potions of flight
Miscellaneous
 l - a phantom mirror


   Skills:
 + Level 9.6 Fighting
 + Level 2.2 Short Blades
 + Level 4.8(9.6) Axes
 + Level 12.8(13.2) Maces & Flails
 + Level 9.4 Throwing
 + Level 10.8 Dodging
 + Level 3.6 Stealth
 + Level 10.0 Shields
 * Level 12.9 Invocations
 + Level 0.3 Evocations


You had 13 spell levels left.
You didn't know any spells.
Your spell library contained the following spells:

 Spells                   Type           Power      Damage    Failure   Level
 Foxfire                  Conj/Fire      0%         2x1d4     58%         1
 Slow                     Hex            0%         N/A       58%         1
 Confusing Touch          Hex            0%         N/A       91%         3
 Conjure Flame            Conj/Fire      0%         6-21      91%         3
 Gell's Gravitas          Tloc           0%         N/A       91%         3
 Ignite Poison            Fire/Tmut/Pois 0%         N/A       91%         3
 Inner Flame              Hex/Fire       0%         N/A       91%         3
 Lesser Beckoning         Tloc           0%         N/A       91%         3
 Mephitic Cloud           Conj/Pois/Air  0%         N/A       91%         3
 Teleport Other           Tloc           0%         N/A       91%         3
 Vampiric Draining        Necr           0%         2d6       91%         3
 Cause Fear               Hex            0%         N/A       100%        4
 Flame Wave               Conj/Fire      0%         2d4       100%        4
 Freezing Cloud           Conj/Ice/Air   0%         6-21      100%        5
 Dragon Form              Tmut           0%         N/A       100%        7
 Dragon's Call            Summ           0%         N/A       100%        9


Dungeon Overview and Level Annotations

Branches:
Dungeon (12/15)            Temple (1/1) D:5            Lair (5/5) D:11
 Shoals (0/4) Lair:2       Spider (0/4) Lair:2        Slime (0/5) Lair:5
    Orc (2/2) D:10            Elf (0/3) Orc:2        Bailey (visited)

Altars:
Dithmenos
Fedhas
Kikubaaqudgha
Makhleb
Nemelex Xobeh
Qazlal
Trog
Uskayaw
Yredelemnul
Zin
The Shining One
Jiyva

Shops:
D:2 (=:   D:4 ::!?!

Annotations:
D:4 Scroll
Orc:2 1 runed translucent door, Saint Roka


Innate Abilities, Weirdness & Mutations

You can breathe bolts of dispelling energy.
Your rich purple scales are hard. (AC +8)
You cannot fit into any form of body armour.
You are cold-blooded and may be slowed by cold attacks.
You have a pair of small horns on your head.
Your mind is acute. (Int +4, Str/Dex -1)


Message History

The ogre hits you with a +0 giant club.
* * * LOW HITPOINT WARNING * * *
Unknown command.
The warg closely misses you.
Saint Roka says, "Down here, you're an orc or you're nobody."
Saint Roka invokes the aid of Beogh against you.
Beogh smites you!
* * * LOW HITPOINT WARNING * * *
You feel less invigorated.
You feel less confused.
You sock the warg! You burn the warg.
The warg is heavily wounded.
You block the warg's attack.
You sock the warg! You burn the warg.
The warg is almost dead.
You block the warg's attack.
You hit the warg. You burn the warg.
You kill the warg!
Fedhas appreciates your contribution to the ecosystem.
Saint Roka mumbles some strange prayers to Beogh against you.
Beogh smites you!
* * * LOW HITPOINT WARNING * * *
You fade into invisibility!
The ogre completely misses you.
Saint Roka calls down the wrath of Beogh upon you.
Beogh smites you!
* * * LOW HITPOINT WARNING * * *
Okay, then.
Okay, then.
Aiming: Breathe Dispelling Energy (1% risk of failure)
Press: ? - help, Shift-Dir - straight line, f - Saint Roka
Aim: Saint Roka, wielding a +0 halberd and wearing a +0 plate armour (lightly wounded, unable to see you, 75% to hit)
You breathe a bolt of dispelling energy.
The bolt of dispelling energy misses the ogre.
The bolt of dispelling energy hits Saint Roka but does no damage.
Saint Roka is lightly wounded.
Saint Roka calls down the wrath of Beogh upon you.
Beogh smites you!
You die...
Fedhas appreciates your contribution to the ecosystem.

## #### #.##
##.#.##...##
#......#...#
#........#
#.......## ##
#.......###.
###..@..## ..
#.....O#.###.##
#......#.o.#...##
##......#..#....##
##..............#
#.........))...#.#
#............)#...#
#.........)†)....##
...........P.....#


You could see Saint Roka (unable to see you) and an ogre (unable to see you).

Vanquished Creatures
  An orc warlord (Orc:1)
  The ghost of xian the Severer, a journeyman TeBe of Trog (Lair:5)
  A dire elephant (Lair:5)
  6 hydras
  A boulder beetle (D:11)
  2 two-headed ogres
  Harold (D:9)
  The ghost of Iamsock the Cleaver, a journeyman GnWn of Uskayaw (Lair:1)
  3 catoblepae (Lair:5)
  27 death yaks
  Urug (Orc:2)
  Nergalle (Lair:2)
  A deep troll (Orc:2)
  A glowing orange brain (Lair:1)
  A lindwurm (Lair:4)
  4 manticores
  2 cyclopes
  3 black mambas
  Joseph (D:8)
  A gargoyle (D:11)
  9 cane toads
  Maggie (D:6)
  2 rime drakes (Lair:3)
  6 komodo dragons
  2 unseen horrors (D:12)
  A kobold demonologist (D:10)
  A meliai (Lair:2)
  2 hornets (D:10)
  2 trolls
  Grinder (D:5)
  5 polar bears
  8 slime creatures
  24 blink frogs
  2 wyverns
  3 wraiths
  A shadow (D:9)
  2 basilisks
  50 yaks
  A vampire (D:12)
  Grum (D:8)
  A steam dragon (D:9)
  5 vampire mosquitoes
  3 wargs (Orc:2)
  3 acid dragons
  9 water moccasins
  Duvessa (D:6)
  15 orc warriors
  A black bear (D:4)
  3 sky beasts (D:8)
  2 ice beasts
  4 wolves (D:8)
  10 ogres
  7 centaurs
  21 kobold brigands
  2 necrophages
  2 gnoll sergeants
  14 bullfrogs
  3 scorpions
  9 wights
  Dowan (D:6)
  18 killer bees
  3 electric eels
  4 howler monkeys
  A lava snake (D:10)
  2 hounds (D:7)
  3 jellies (Lair:1)
  16 orc priests
  Crazy Yiuf (D:3)
  5 iguanas
  6 hell rats (Lair:4)
  15 orc wizards
  11 gnolls
  10 adders
  A shadow imp (D:5)
  A white imp (D:7)
  A worm (D:2)
  2 dart slugs (D:3)
  87 orcs
  6 bats
  4 endoplasms
  A giant cockroach (D:1)
  7 goblins
  8 hobgoblins
  A quokka (D:1)
  6 ball pythons
  2 frilled lizards
  25 kobolds
  4 rats
  2 ballistomycete spores
553 creatures vanquished.

Vanquished Creatures (collateral kills)
  3 death yaks (D:11)
  A cane toad (Lair:5)
  2 yaks
  3 killer bees (D:11)
  73 ballistomycete spores
82 creatures vanquished.

Vanquished Creatures (others)
  A torpor snail (Lair:5)
  A killer bee (D:9)
  An orc (D:9)
  A kobold (Bailey)
  4 ballistomycete spores
  49 fungi
  87 plants
144 creatures vanquished.

Grand Total: 779 creatures vanquished

Notes
Turn   | Place    | Note
-------+----------+-------------------------------------------
     0 | D:1      | xian the Draconian Gladiator began the quest for the Orb.
     0 | D:1      | Reached XP level 1. HP: 17/17 MP: 1/1
   511 | D:1      | Reached XP level 2. HP: 25/25 MP: 2/2
   928 | D:1      | Found a faded altar of an unknown god.
   932 | D:1      | Prayed at the altar of an unknown god.
   932 | D:1      | Became a worshipper of Fedhas Madash
   932 | D:1      | Reached * piety under Fedhas
  1174 | D:2      | Reached XP level 3. HP: 27/30 MP: 3/3
  1293 | D:2      | Found Vurelis's Book Boutique.
  1315 | D:2      | Found Qeatimof's Jewellery Shop.
  1419 | D:2      | Found Dah Own's Weapon Shoppe.
  1538 | D:3      | Found a burning altar of Makhleb.
  1624 | D:3      | Reached ** piety under Fedhas
  1757 | D:3      | Reached XP level 4. HP: 37/37 MP: 4/4
  1889 | D:3      | Found a runed translucent door.
  1890 | D:3      | Noticed Crazy Yiuf
  1966 | D:3      | Killed Crazy Yiuf
  1967 | D:3      | Reached skill level 1 in Short Blades
  1979 | D:3      | Identified the +2 hammer "Hucroret" {flame, rF+ rCorr SInv}
  2062 | D:3      | Reached skill level 1 in Stealth
  2066 | D:3      | Reached XP level 5. HP: 40/44 MP: 5/5
  2292 | D:4      | Found Kinobroz's Distillery.
  2295 | D:4      | Bought a potion of invisibility for 80 gold pieces
  2332 | D:4      | Found Kaaptiw's Book Shop.
  2392 | D:4      | Noticed a black bear
  2399 | D:4      | Killed a black bear
  2429 | D:4      | Found Suagh's Book Boutique.
  2459 | D:4      | Found a hide-covered altar of Uskayaw.
  2468 | D:4      | Found a shadowy altar of Dithmenos.
  2519 | D:4      | Found Xoasaofus's Distillery.
  2584 | D:4      | Found Anocvul's Magic Scroll Shop.
  2726 | D:4      | Found an ancient bone altar of Kikubaaqudgha.
  3171 | D:5      | Entered Level 5 of the Dungeon
  3272 | D:5      | Reached XP level 6. HP: 46/51 MP: 6/6
  3371 | D:5      | Reached skill level 1 in Maces & Flails
  3414 | D:5      | Found a staircase to the Ecumenical Temple.
  3421 | Temple   | Entered the Ecumenical Temple
  3441 | D:5      | Noticed Grinder
  3443 | D:5      | Gained mutation: You have a pair of small horns on your
                  | head. [potion of mutation]
  3443 | D:5      | Gained mutation: Your mind is acute. (Int +4, Str/Dex -1)
                  | [potion of mutation]
  3448 | D:5      | Paralysed by Grinder for 2 turns
  3453 | D:5      | Killed Grinder
  3454 | D:5      | Your scales start taking on a rich purple colour.
  3454 | D:5      | Reached XP level 7. HP: 42/57 MP: 7/7
  3648 | D:5      | Reached skill level 1 in Invocations
  3793 | D:5      | Reached *** piety under Fedhas
  3994 | D:6      | Reached XP level 8. HP: 66/66 MP: 9/9
  4000 | D:6      | Noticed Maggie
  4036 | D:6      | Killed Maggie
  4037 | D:6      | Reached skill level 5 in Dodging
  4110 | D:6      | Reached skill level 5 in Maces & Flails
  4143 | D:6      | Found a basalt altar of Yredelemnul.
  4143 | D:6      | Found a sparkling altar of Nemelex Xobeh.
  4374 | D:6      | Reached XP level 9. HP: 59/73 MP: 12/12
  4509 | D:6      | Noticed Dowan
  4512 | D:6      | Noticed Duvessa
  4524 | D:6      | Killed Dowan
  4534 | D:6      | Killed Duvessa
  4726 | D:7      | Found a glowing golden altar of the Shining One.
  4731 | D:7      | Reached skill level 5 in Fighting
  5074 | D:7      | Found a flagged portal.
  5079 | D:7      | Reached **** piety under Fedhas
  5108 | Bailey   | Entered a bailey
  5230 | Bailey   | Reached skill level 5 in Invocations
  5465 | Bailey   | Reached skill level 1 in Shields
  5553 | Bailey   | Found an iron altar of Okawaru.
  6051 | D:8      | Reached XP level 10. HP: 82/82 MP: 14/14
  6140 | D:8      | Reached skill level 5 in Throwing
  6304 | D:8      | Reached ***** piety under Fedhas
  6309 | D:8      | Noticed Grum
  6332 | D:8      | Killed Grum
  6788 | D:8      | Noticed Joseph
  6802 | D:8      | Killed Joseph
  6901 | D:8      | Noticed a two-headed ogre
  6934 | D:8      | HP: 3/83 [two-headed ogre/+0 giant spiked club (31)]
  7210 | D:8      | Killed a two-headed ogre
  7557 | D:9      | Reached XP level 11. HP: 75/90 MP: 16/16
  8093 | D:9      | Noticed Harold
  8131 | D:9      | Killed Harold
  8543 | D:4      | Bought a scroll of acquirement for 624 gold pieces
  8543 | D:4      | Acquired the +5 kite shield of Subjectivity {Str+3}
  8650 | D:10     | Entered Level 10 of the Dungeon
  8804 | D:10     | Paralysed by a hornet for 3 turns
  8962 | D:10     | Found a staircase to the Orcish Mines.
  9679 | D:10     | Found a bloodstained altar of Trog.
  9679 | D:10     | Found a stormy altar of Qazlal.
  9774 | D:11     | Reached skill level 10 in Maces & Flails
  9910 | D:11     | Noticed a boulder beetle
  9955 | D:11     | Killed a boulder beetle
 10303 | D:11     | Noticed a death yak
 10309 | D:11     | Noticed a death yak
 10336 | D:11     | Noticed a death yak
 10337 | D:11     | Killed a death yak
 10338 | D:11     | Reached skill level 5 in Shields
 10338 | D:11     | Noticed a death yak
 10338 | D:11     | Noticed a death yak
 10341 | D:11     | Noticed a death yak
 10345 | D:11     | Noticed a death yak
 10362 | D:11     | Killed a death yak
 10363 | D:11     | Reached XP level 12. HP: 63/100 MP: 5/18
 10366 | D:11     | Killed a death yak
 10366 | D:11     | Killed a death yak
 10372 | D:11     | Killed a death yak
 10378 | D:11     | Killed a death yak
 10384 | D:11     | Killed a death yak
 10569 | D:11     | Found a staircase to the Lair.
 10602 | Lair:1   | Entered Level 1 of the Lair of Beasts
 10845 | Lair:1   | You fall into a shaft and drop 1 floor!
 10886 | Lair:2   | Found a hole to the Spider Nest.
 11089 | Lair:2   | Found a staircase to the Shoals.
 11249 | Lair:1   | Noticed a death yak
 11253 | Lair:1   | Noticed a death yak
 11253 | Lair:1   | Noticed a death yak
 11253 | Lair:1   | Noticed a death yak
 11270 | Lair:1   | Reached skill level 10 in Invocations
 11279 | Lair:1   | Killed a death yak
 11291 | Lair:1   | Killed a death yak
 11321 | Lair:1   | Noticed a death yak
 11322 | Lair:1   | Noticed a death yak
 11347 | Lair:1   | Killed a death yak
 11382 | Lair:1   | Killed a death yak
 11405 | Lair:1   | Killed a death yak
 11409 | Lair:1   | Killed a death yak
 11854 | Lair:1   | Found a runed translucent gate.
 11854 | Lair:1   | Found a runed translucent gate.
 11854 | Lair:1   | Found a runed translucent gate.
 11855 | Lair:1   | Noticed Iamsock's ghost (journeyman GnWn)
 11867 | Lair:1   | Found a viscous altar of Jiyva.
 11909 | Lair:1   | Killed Iamsock's ghost
 11910 | Lair:1   | Reached XP level 13. HP: 74/107 MP: 15/20
 12296 | Lair:2   | Noticed Nergalle
 12337 | Lair:2   | Killed Nergalle
 14826 | Lair:4   | Reached ****** piety under Fedhas
 14844 | Lair:4   | Reached XP level 14. HP: 84/116 MP: 22/22
 15322 | Lair:5   | Entered Level 5 of the Lair of Beasts
 15924 | Lair:5   | Reached skill level 10 in Dodging
 15974 | Lair:5   | Found a staircase to the Slime Pits.
 15985 | Lair:5   | Found a transporter.
 16030 | Lair:5   | Noticed xian's ghost (journeyman TeBe)
 16060 | Lair:5   | Found a transporter.
 17167 | Lair:5   | Killed xian's ghost
 17809 | D:12     | Found a glowing silver altar of Zin.
 18036 | Orc:1    | Entered Level 1 of the Orcish Mines
 18269 | Orc:1    | Noticed an orc warlord
 18287 | Orc:1    | Killed an orc warlord
 18442 | Orc:1    | Reached skill level 10 in Shields
 18479 | Orc:2    | Entered Level 2 of the Orcish Mines
 18632 | Orc:2    | Noticed Saint Roka
 18738 | Orc:2    | Found a staircase to the Elven Halls.
 18740 | Orc:2    | Noticed Urug
 18796 | Orc:2    | Killed Urug
 18814 | Orc:2    | Paralysed by an ogre mage for 3 turns
 18823 | Orc:2    | Found a runed translucent door.
 18841 | Orc:2    | HP: 3/118 [Saint Roka/divine providence (11)]
 18842 | Orc:2    | Killed from afar by Saint Roka

Illustrated notes

Levels and vault maps discovered:
D:1:      dpeg_arrival_stone_temple_mockup, layout_basic,
          hellmonk_ecumenical_altar_heavens_door,
          minmay_misc_feat_secret_circle, chequers_serial_rivers_small_a
D:2:      layout_rooms, serial_shops, shop, shop, shop
D:3:      layout_basic, old_standard_altar, uniq_crazy_yiuf_cottage
D:4:      layout_basic, lemuel_zombie_altar_kikubaaqudgha,
          mainiacjoe_overflow_swirl, serial_shops, nicolae_shop_hallway_plus,
          nicolae_shop_hallway_stairs, nicolae_stop_n_shop_1,
          nicolae_shop_statue_plus, nicolae_stop_n_shop_1,
          serial_co_window_serial, co_window_paths_a,
          co_window_of_opportunity_a, co_window_paths_a,
          co_window_of_opportunity_a, co_window_corner_a,
          co_window_of_opportunity_a, co_window_paths_a, co_window_broadway_a,
          co_window_corner_b, co_window_broadway_b, co_window_paths_c,
          co_window_sun
D:5:      layout_basic, minmay_temple_entry_drinking_statues, kennysheep_potato,
          uniq_grinder
D:6:      layout_basic, chequers_temple_overflow_statue_of_worship, uniq_maggie,
          uniq_duvessa
D:7:      layout_loops_ring, lemuel_crystal_altar, enter_bailey_5,
          minmay_misc_feat_x
D:8:      layout_basic, special_room [special_room_orc], uniq_grum, uniq_joseph
D:9:      layout_basic, hangedman_decor_diamond_cutter, grunt_ministairs_9,
          moated_statue, uniq_harold
D:10:     layout_roguey [special_room_kobold], nicolae_overflow_two_pavilions,
          erik_orc_4, nicolae_two_hexagons, nicolae_water_bricks
D:11:     layout_basic, dpeg_lair_monsters, minmay_misc_feat_more_columns
D:12:     layout_rooms, serial_park_tiny_1, zin_statuary
Temple:   oiseaux_autumnal_temple
Lair:1:   layout_roguey, gammafunk_ghost_ooze, serial_bayou_shore_b
Lair:2:   layout_layer_cave, elwin_shoals_entry_rocks,
          hellmonk_spider_entry_not_the_bees, cheibrodos_lair_lostbears,
          lemuel_fruit_fields, uniq_nergalle
Lair:3:   layout_loops_ring, st_stairs_3
Lair:4:   layout_regular_city, serial_bayou, serial_bayou_ford_a,
          serial_bayou_lake_a, serial_bayou_pond_d, serial_bayou_pond_b,
          serial_bayou_pond_e, st_stairs_10
Lair:5:   evilmike_catoblepas_cave, layout_loops_ring, slime_entry_1,
          gammafunk_ghost_arena, lemuel_fruit_tree
Orc:1:    layout_caves, serial_shops, nicolae_shop_stone, minmay_orc_barracks
Orc:2:    st_orc_open, layout_caves, ebering_ghost_reflecting_pool,
          minmay_orc_temple_a, uniq_saint_roka, uniq_urug

Skill      XL: |  1  2  3  4  5  6  7  8  9 10 11 12 13 14 |
---------------+-------------------------------------------+-----
Dodging        | 3 4 5 6 7 8 9 10 | 10.8
Axes           | 4 |  4.8
Short Blades   | 1 2 |  2.2
Stealth        | 1 2 3 |  3.6
Fighting       | 3 4 5 6 7 8 9 |  9.6
Throwing       | 2 3 4 6 7 8 9 |  9.4
Maces & Flails | 2 4 5 7 9 10 11 12 | 12.8
Invocations    | 2 4 5 6 8 10 11 12 | 12.9
Shields        | 1 3 5 7 8 10 | 10.0
Evocations     | |  0.3

Action                   |  1- 3 |  4- 6 |  7- 9 | 10-12 | 13-15 || total
-------------------------+-------+-------+-------+-------+-------++-------
Melee: War axe           |    70 |       |       |       |       ||    70
       Tailslap          |    13 |     6 |    39 |   140 |   207 ||   405
       Punch             |     2 |     1 |     2 |       |       ||     5
       Short sword       |    45 |     8 |       |       |       ||    53
       Mace              |       |    78 |   296 |   756 |   947 ||  2077
       Headbutt          |       |     1 |    58 |   174 |   257 ||   490
Throw: Stone             |     5 |       |       |       |       ||     5
       Throwing net      |     1 |       |       |       |       ||     1
       Boomerang         |       |    23 |    74 |   201 |   252 ||   550
Invok: Grow Ballistomyce |       |       |       |     9 |     7 ||    16
       Wall of Briars    |       |       |       |     3 |     6 ||     9
       Grow Oklob        |       |       |       |     1 |     1 ||     2
 Abil: Breathe Dispellin |       |       |     6 |     8 |     3 ||    17
Evoke: Wand              |       |       |       |     6 |       ||     6
  Use: Scroll            |       |     6 |     6 |    11 |    11 ||    34
       Potion            |       |     4 |     3 |     7 |     9 ||    23
 Stab: Sleeping          |     1 |       |     1 |     1 |     4 ||     7
       Confused          |       |       |       |     2 |     3 ||     5
Armor: Skin              |    51 |    31 |   127 |   227 |   306 ||   742
Dodge: Dodged            |   113 |   102 |   308 |   614 |   591 ||  1728
Block: Buckler           |       |       |    34 |    45 |       ||    79
       Kite shield       |       |       |       |   416 |   939 ||  1355
